 Dungeon Crawl Stone Soup version 0.20.1-1-g8b1a95d (webtiles) character file.

6688 homeworkjunkie the Grappler (level 10, -12/98 HPs)
             Began as a Troll Monk on Nov 23, 2017.
             Was a Priest of Okawaru.
             Mangled by an orc warrior
             ... wielding a +0 short sword
              (15 damage)
             ... on level 11 of the Dungeon.
             The game lasted 00:18:48 (7283 turns).

homeworkjunkie the Grappler (Troll Monk)            Turns: 7283, Time: 00:18:49

Health: -12/98     AC:  8    Str: 25    XL:     10   Next: 73%
Magic:  10/10      EV: 13    Int:  6    God:    Okawaru [***...]
Gold:   576        SH:  0    Dex: 13    Spells: 9/9 levels left

rFire    + . .     SeeInvis .     - Unarmed
rCold    . . .     Gourm    +   (no shield)
rNeg     + . .     Faith    .   a - +2 robe
rPois    .         Spirit   .   (helmet restricted)
rElec    .         Reflect  .   z - scarf {cloud immunity}
rCorr    .         Harm     .   (gloves unavailable)
MR       +....                  (boots unavailable)
Stlth    ++........             x - amulet of regeneration
Regen    1.1/turn               p - ring of positive energy
MPRegen  0.2/turn               e - ring of protection from fire

@: no status effects
A: unfitting armour, claws 3, horns 2, rugged brown scales 1, fast metabolism 3,
gourmand, magic resistance 1, regeneration 1, shaggy fur 1, strong 1, tough skin
2
a: Heroism, Renounce Religion


You were on level 11 of the Dungeon.
You worshipped Okawaru.
Okawaru was most pleased with you.
You were not hungry.

You visited 3 branches of the dungeon, and saw 13 of its levels.
You also visited: Ossuary.

You collected 576 gold pieces.

Inventory:

Armour
 a - a +2 robe (worn)
 z - a scarf of cloud immunity (worn)
Jewellery
 e - a ring of protection from fire (right claw)
 g - an uncursed ring of flight
 o - an uncursed ring of stealth
 p - a ring of positive energy (left claw)
 x - an amulet of regeneration (around neck)
Wands
 t - a wand of digging (18/24)
 y - a wand of flame (34/48)
Scrolls
 c - 3 scrolls of enchant weapon
 d - 5 scrolls of remove curse
 q - 2 scrolls of fear
 v - a scroll of magic mapping
 w - 2 scrolls of teleportation
 F - 2 scrolls of recharging
Potions
 f - a potion of invisibility
 h - a potion of heal wounds
 i - 4 potions of mutation
 j - 4 potions of agility
 k - 2 potions of ambrosia
 l - a potion of berserk rage
 n - a potion of flight
 r - a potion of haste
 s - 5 potions of curing
 u - a potion of might
 B - a potion of brilliance {unknown}
Comestibles
 b - 8 bread rations
 m - 2 meat rations


   Skills:
 * Level 5.4 Fighting
 * Level 5.9 Dodging
 + Level 2.8 Stealth
 * Level 12.7 Unarmed Combat
 * Level 2.3 Evocations


You had 9 spell levels left.
You didn't know any spells.

Dungeon Overview and Level Annotations

Branches:
Dungeon (11/15)            Temple (1/1) D:7            Lair (1/6) D:9
    Orc: D:9-12

Altars:
Ashenzari
Cheibriados
Dithmenos
Elyvilon
Fedhas
Gozag
Hepliaklqana
Kikubaaqudgha
Makhleb
Nemelex Xobeh
Okawaru
Qazlal
Ru
Sif Muna
Trog
Uskayaw
Vehumet
Xom
Yredelemnul
Zin
The Shining One

Shops:
D:7 *


Innate Abilities, Weirdness & Mutations

You are too large for most types of armour.
You have claws for hands.
Your metabolism is lightning-fast.
You like to eat raw meat.
Your natural rate of healing is unusually fast.
You are covered in fur. (AC +1)
You have very tough skin. (AC +2)
You have a pair of horns on your head.
You are partially covered in rugged brown scales. (AC +1, +3% HP)
You are resistant to hostile enchantments. (MR+)
Your muscles are strong. (Str +2)


Message History

You swing at nothing.
Something hits you. Something hits you!
The quokka moves out of view.
You swing at nothing.
Something hits you. x2
You claw the orc priest!
You kill the orc priest!
Okawaru accepts your kill. Something barely misses you.
You swing at nothing.
Something hits you.
The orc warrior hits you with a short sword!
* * * LOW HITPOINT WARNING * * *
You swing at nothing.
Something hits you.
* * * LOW HITPOINT WARNING * * *
Something hits you but does no damage.
The orc warrior hits you with a short sword!!
* * * LOW HITPOINT WARNING * * *
You swing at nothing.
Something hits you.
* * * LOW HITPOINT WARNING * * *
Something hits you but does no damage.
The orc warrior hits you with a short sword!
You die...

#.#####.#....#
#.#..<#.#..?.#
#.###.#.#....#
#.....#.#....#
#######.#....#
......#....#
##%=..#..#.#
......!o.#.#
#.....#@.#.#
...####).# #.
#..# #..# ####


You could see an orc warrior.

Vanquished Creatures
  2 two-headed ogres
  A centaur skeleton (D:10)
  A hippogriff (D:6)
  4 yaks (D:10)
  A wyvern (D:8)
  2 hungry ghosts (D:7)
  Eustachio (D:4)
  2 hell hounds (D:9)
  2 orc warriors (D:10)
  A sky beast (D:8)
  A black bear (D:9)
  An ice beast (D:8)
  2 ogres
  2 phantoms
  5 centaurs
  Blork the orc (D:4)
  4 bullfrogs
  2 scorpions (D:5)
  11 killer bees
  3 crimson imps
  A jelly (D:8)
  5 orc wizards
  4 hounds
  7 orc priests
  Jessica (D:3)
  3 iguanas
  Natasha (twice) (D:2)
  8 worker ants
  3 hound skeletons
  11 mummies (Ossuary)
  A worker ant zombie (D:7)
  A howler monkey zombie (D:9)
  4 gnolls (D:6)
  12 adders
  A shadow imp (D:5)
  An ooze (D:1)
  A worm zombie (D:7)
  An adder skeleton (D:5)
  6 worms
  2 dart slugs (D:2)
  6 leopard geckos
  43 orcs
  10 giant cockroaches
  11 goblins
  6 hobgoblins
  16 jackals
  2 quokkas
  3 ball pythons
  7 bats
  5 frilled lizards
  A goblin skeleton (Ossuary)
  6 kobolds
  5 kobold skeletons (Ossuary)
  14 rats
  11 rat skeletons (Ossuary)
  A rat zombie (D:7)
  2 fungi (D:4)
273 creatures vanquished.

Vanquished Creatures (others)
  A goblin skeleton (Ossuary)
  A kobold skeleton (Ossuary)
  A fungus (D:4)
3 creatures vanquished.

Grand Total: 276 creatures vanquished

Notes
Turn   | Place    | Note
-------+----------+-------------------------------------------
     0 | D:1      | homeworkjunkie the Troll Monk began the quest for the Orb.
     0 | D:1      | Reached XP level 1. HP: 22/22 MP: 0/0
    58 | D:1      | Reached XP level 2. HP: 29/29 MP: 1/1
   191 | D:2      | Reached XP level 3. HP: 30/36 MP: 2/2
   506 | D:1      | Gained mutation: You have a pair of small horns on your head. [potion of mutation]
   506 | D:1      | Gained mutation: You are frail. (-10% HP) [potion of mutation]
   506 | D:1      | Gained mutation: You heal very quickly. [potion of mutation]
   863 | D:1      | Reached XP level 4. HP: 40/40 MP: 3/3
   913 | D:2      | Noticed Natasha
   917 | D:2      | Killed Natasha
   953 | D:2      | Reached skill level 4 in Unarmed Combat
  1200 | D:2      | Found a shimmering altar of Xom.
  1201 | D:2      | Found a hazy altar of Hepliaklqana.
  1201 | D:2      | Noticed a hungry ghost
  1202 | D:2      | Noticed a spectral ugly thing
  1202 | D:2      | Noticed a hungry ghost
  1214 | D:2      | Noticed Natasha
  1221 | D:2      | Killed Natasha
  1221 | D:2      | Reached XP level 5. HP: 46/47 MP: 4/4
  1428 | D:3      | Lost mutation: You are frail. (-10% HP) [potion of mutation]
  1428 | D:3      | Lost mutation: You heal very quickly. [potion of mutation]
  1428 | D:3      | Gained mutation: Your muscles are strong. (Str +2) [potion of mutation]
  1428 | D:3      | Gained mutation: You have a pair of horns on your head. [potion of mutation]
  1428 | D:3      | Gained mutation: You are resistant to hostile enchantments. (MR+) [potion of mutation]
  1428 | D:3      | Gained mutation: You are partially covered in rugged brown scales. (AC +1, +3% HP) [potion of mutation]
  1474 | D:3      | Noticed Jessica
  1485 | D:3      | Reached skill level 5 in Unarmed Combat
  1624 | D:2      | Reached XP level 6. HP: 24/62 MP: 5/5
  1710 | D:3      | Killed Jessica
  1754 | D:3      | Found a deep blue altar of Sif Muna.
  1841 | D:4      | Reached skill level 6 in Unarmed Combat
  1993 | D:3      | Found a burning altar of Makhleb.
  2191 | D:4      | Reached XP level 7. HP: 69/69 MP: 6/6
  2194 | D:4      | Noticed Blork the orc
  2203 | D:4      | Killed Blork the orc
  2374 | D:5      | Entered Level 5 of the Dungeon
  2400 | D:4      | Found a basalt altar of Yredelemnul.
  2476 | D:5      | Found a shattered altar of Ashenzari.
  2744 | D:4      | Found a blossoming altar of Fedhas.
  2878 | D:4      | Noticed Eustachio
  2889 | D:4      | Killed Eustachio
  2889 | D:4      | Reached skill level 7 in Unarmed Combat
  3018 | D:4      | Found a white marble altar of Elyvilon.
  3142 | D:5      | Reached XP level 8. HP: 50/80 MP: 5/7
  3421 | D:5      | Reached skill level 8 in Unarmed Combat
  4194 | D:7      | Reached skill level 9 in Unarmed Combat
  4272 | D:7      | Found a staircase to the Ecumenical Temple.
  4283 | D:7      | Reached XP level 9. HP: 81/87 MP: 8/8
  4288 | Temple   | Entered the Ecumenical Temple
  4426 | D:7      | Reached skill level 5 in Dodging
  4504 | D:7      | Found a sand-covered staircase.
  4527 | Ossuary  | Entered an ossuary
  4751 | Ossuary  | Reached skill level 10 in Unarmed Combat
  4798 | D:7      | Found a blossoming altar of Fedhas.
  4866 | D:7      | Found Zin's Purification Station.
  4875 | D:7      | Found a glowing silver altar of Zin.
  4884 | D:7      | You fall through a shaft for 2 floors!
  4910 | D:10     | Entered Level 10 of the Dungeon
  4928 | D:9      | Found a staircase to the Lair.
  4942 | D:9      | Noticed a troll
  4944 | D:9      | Noticed a gargoyle
  5138 | D:8      | Reached skill level 1 in Evocations
  5235 | D:8      | Found a radiant altar of Vehumet.
  5244 | D:8      | Noticed a two-headed ogre
  5251 | D:8      | Killed a two-headed ogre
  5251 | D:8      | Reached skill level 11 in Unarmed Combat
  5296 | D:8      | Reached XP level 10. HP: 96/96 MP: 10/10
  5457 | D:6      | Found a bloodstained altar of Trog.
  5602 | D:6      | Reached skill level 5 in Fighting
  6258 | Lair:1   | Entered Level 1 of the Lair of Beasts
  6469 | D:9      | Found a shadowy altar of Dithmenos.
  6470 | D:9      | Found a hide-covered altar of Uskayaw.
  6479 | D:9      | Found an iron altar of Okawaru.
  6482 | D:9      | Became a worshipper of Warmaster Okawaru
  6482 | D:9      | Reached * piety under Okawaru
  6482 | D:9      | Reached ** piety under Okawaru
  6626 | D:10     | Reached skill level 12 in Unarmed Combat
  6647 | D:10     | Noticed a two-headed ogre
  6657 | D:10     | Killed a two-headed ogre
  6918 | D:10     | Reached *** piety under Okawaru
  7282 | D:11     | HP: 4/98 [orc warrior/short sword (18)]
  7283 | D:11     | Mangled by an orc warrior

Skill      XL: |  1  2  3  4  5  6  7  8  9 10 |
---------------+-------------------------------+-----
Fighting       | 3 4 5 |  5.4
Unarmed Combat | 4 5 6 7 9 11 12 | 12.7
Dodging        | 3 4 5 |  5.9
Stealth        | 2 |  2.8
Evocations     | 1 2 |  2.3

Action                   |  1- 3 |  4- 6 |  7- 9 | 10-12 || total
-------------------------+-------+-------+-------+-------++-------
Melee: Unarmed           |    82 |   172 |   298 |   110 ||   662
       Punch             |     1 |     4 |    13 |     6 ||    24
       Headbutt          |       |    26 |    51 |    26 ||   103
Evoke: Wand              |       |       |       |     3 ||     3
  Use: Scroll            |     3 |     5 |    14 |     6 ||    28
       Potion            |     3 |     2 |       |     1 ||     6
 Stab: Sleeping          |     5 |     2 |    10 |       ||    17
       Distracted        |       |     1 |       |       ||     1
  Eat: Chunk             |     7 |    13 |    21 |     7 ||    48
       Fruit             |       |       |    11 |     2 ||    13
       Royal jelly       |       |       |     4 |       ||     4
       Meat ration       |       |       |       |     1 ||     1
Armor: Robe              |    43 |    48 |    82 |    37 ||   210
Dodge: Dodged            |    52 |   111 |   141 |    50 ||   354
